[Event "Team 45 45 League T30"]
[Site "Internet Chess Club"]
[Date "2006.04.07"]
[Round "3"]
[White "Spirou"]
[Black "PostMike"]
[Result "1-0"]
[WhiteElo "1676"]
[BlackElo "1506"]
[TimeControl "2700+45"]

1. e4 c5 2. Nf3 Nc6 3. Bb5 g6 4. Bxc6 bxc6 5. Nc3 Bg7 6. O-O Nf6 7. d3 Ng4 8. h3
Ne5 9. Be3 d6 10. Nxe5 Bxe5 11. Bh6 Be6 12. Na4 Qa5 13. c3 d5 14. f4 Bc7 15. f5
Bd7 16. Kh1 O-O-O 17. b4 cxb4 18. cxb4 Qxb4 19. Rb1 Qd6 20. Bf4 Qxf4 21. Rxf4
Bxf4 22. Qb3 Kc7 23. Nc5 Bc8 24. Qb8# {Black checkmated} 1-0  aics%

[Event "Team 45 45 League T30"]
[Site "Internet Chess Club"]
[Date "2006.04.06"]
[Round "3"]
[White "mambomex"]
[Black "GolferBob"]
[Result "1-0"]
[WhiteElo "1695"]
[BlackElo "1729"]
[TimeControl "2700+45"]

1. e4 c5 2. d3 e6 3. g3 g6 4. Bg2 Bg7 5. c3 Ne7 6. Nf3 O-O 7. O-O d5 8. Na3 Nbc6
9. Nc2 b6 10. Re1 Bb7 11. e5 Qc7 12. d4 cxd4 13. cxd4 Rac8 14. Bg5 h6 15. Bf6
Kh7 16. Bxg7 Kxg7 17. Ne3 Na5 18. Rc1 Qxc1 19. Qxc1 Rxc1 20. Rxc1 Rc8 21. Rxc8
Bxc8 22. Bf1 Nac6 23. a3 g5 24. Bd3 Nf5 25. Nxf5+ exf5 26. Bb5 Bb7 27. h4 g4 28.
Bxc6 Bxc6 29. Ne1 Kf8 30. Ng2 Ke7 31. Ne3 Ke6 32. f3 h5 33. Ng2 gxf3 34. Nf4+
Ke7 35. Nxh5 Ba4 36. Nf6 Bb3 37. Kf2 Kf8 38. Kxf3 Bc2 39. Kf4 Be4 40. g4 fxg4
41. Nxe4 dxe4 42. Kxg4 Ke7 43. h5 f5+ 44. Kf4 {Black resigns} 1-0  aics%

[Event "Team 45 45 League T30"]
[Site "Internet Chess Club"]
[Date "2006.04.09"]
[Round "3"]
[White "TrickyBishop"]
[Black "arriero55"]
[Result "0-1"]
[WhiteElo "1520"]
[BlackElo "1581"]
[TimeControl "2700+45"]

1. e4 c5 2. Nf3 e6 3. d4 cxd4 4. Nxd4 Nc6 5. Nc3 a6 6. Bc4 Ne5 7. Bb3 Bb4 8. Bd2
Nf6 9. f4 Nc6 10. Nxc6 dxc6 11. e5 Nd5 12. Bxd5 exd5 13. Qf3 Qh4+ 14. g3 Qh3 15.
O-O-O O-O 16. Qf1 Qxf1 17. Rdxf1 Bh3 18. Rf2 Bc5 19. Re2 Bg4 20. Ree1 Bf3 21.
Rhf1 Bg2 22. Be3 Bxe3+ 23. Rxe3 Bxf1 24. Na4 Rfe8 25. h4 Ra7 26. Nb6 f6 27. e6
Bh3 28. e7 Kf7 29. Kd2 Rxe7 30. Rxe7+ Kxe7 31. Nc8+ Bxc8 {White resigns} 0-1 
aics%

[Event "Team 45 45 League T30"]
[Site "Internet Chess Club"]
[Date "2006.04.09"]
[Round "3"]
[White "egd01"]
[Black "Bowlomeat"]
[Result "0-1"]
[WhiteElo "1572"]
[BlackElo "1574"]
[TimeControl "2700+45"]

1. e4 e5 2. Nf3 Nc6 3. Bb5 a6 4. Ba4 Nf6 5. O-O Bc5 6. d3 b5 7. Bb3 h6 8. Qe1
O-O 9. a3 d6 10. Be3 Bg4 11. Nbd2 Bxe3 12. Qxe3 Qd7 13. Nh4 Nd4 14. f4 Ne2+ 15.
Kh1 Nxf4 16. g3 Nh3 17. c3 d5 18. Bd1 d4 19. cxd4 exd4 20. Qf4 Nxf4 21. Rxf4
Bxd1 22. Rxd1 Ng4 23. Nf5 Ne3 24. Nxe3 dxe3 25. Nf3 Rad8 26. Kg2 c5 27. Kf1 c4
28. d4 Qh3+ 29. Ke2 Qg2+ 30. Kxe3 Qxb2 31. d5 Qxa3+ 32. Kd2 Rfe8 33. Rf1 Rxe4
34. Rxe4 Qd3+ {White resigns} 0-1  aics%

[Event "Team 45 45 League T30"]
[Site "Internet Chess Club"]
[Date "2006.04.09"]
[Round "3"]
[White "stan194803"]
[Black "blancaas"]
[Result "0-1"]
[WhiteElo "1408"]
[BlackElo "1674"]
[TimeControl "2700+45"]

1. e4 c5 2. Nf3 d6 3. d4 cxd4 4. Nxd4 Nf6 5. Nc3 g6 6. Bg5 Bg7 7. Bc4 O-O 8.
Bxf6 Bxf6 9. Nd5 Bg7 10. c3 Nc6 11. O-O Bd7 12. Nf3 Rc8 13. Be2 Ne5 14. Qb3 Bc6
15. c4 Qd7 16. Qe3 b6 17. Rab1 Bb7 18. Nxe5 Bxe5 19. b3 Rfe8 20. Qd3 e6 21. Ne3
Red8 22. Ng4 Bg7 23. Rbd1 h5 24. Ne3 Rc5 25. f4 Rcc8 26. Rf3 Qc6 27. Rdf1 Qxe4
28. Qd1 Bd4 29. Qd3 Qxd3 30. Bxd3 Bxf3 31. Rxf3 Bxe3+ 32. Rxe3 a5 33. Kf2 a4 34.
bxa4 Rd7 35. Re4 Ra7 36. Re2 Rxa4 37. Rb2 Rca8 38. Kg3 R8a6 39. Kf3 Rxa2 40.
Rxa2 Rxa2 41. h3 Ra3 42. Ke3 Kf8 43. Kd4 h4 44. Be4 Ke7 45. Bf3 Kf6 46. Ke4 g5
47. fxg5+ Kxg5 48. Kd4 Kf4 49. c5 bxc5+ 50. Kc4 Rxf3 51. gxf3 Kxf3 {White
resigns} 0-1  aics%  BosqueVerde(345):   you mean "darn"  right? aics%

[Event "Team 45 45 League T30"]
[Site "Internet Chess Club"]
[Date "2006.04.10"]
[Round "3"]
[White "Mutaant"]
[Black "rgadoury"]
[Result "1-0"]
[WhiteElo "1417"]
[BlackElo "1328"]
[TimeControl "2700+45"]

1. e4 e5 2. Nf3 Nc6 3. Bb5 d6 4. d3 Nf6 5. Nc3 Be7 6. h3 O-O 7. a3 Bd7 8. Bg5
Nd4 9. Bc4 c6 10. O-O b5 11. Ba2 a6 12. Nxd4 exd4 13. Ne2 c5 14. f4 Bc6 15. Qe1
Kh8 16. Ng3 Ng8 17. Bxe7 Nxe7 18. f5 Ng8 19. Qe2 Nf6 20. Nh5 Nxh5 21. Qxh5 Qf6
22. g4 h6 23. h4 Kg8 24. g5 hxg5 25. hxg5 Qe7 26. g6 {Black resigns} 1-0  aics% 
Gueveo(71): *orejas aics%

[Event "Team 45 45 League T30"]
[Site "Internet Chess Club"]
[Date "2006.04.07"]
[Round "3"]
[White "schweppz"]
[Black "JLMOE"]
[Result "1-0"]
[WhiteElo "1359"]
[BlackElo "1432"]
[TimeControl "2700+45"]

1. e4 e6 2. d4 b6 3. c4 Bb7 4. Nc3 Bb4 5. Bd3 d5 6. Qa4+ Nc6 7. cxd5 exd5 8. Bb5
Bxc3+ 9. bxc3 Ne7 10. e5 O-O 11. Ba3 a6 12. Bd3 b5 13. Qc2 g6 14. Nf3 f5 15. Ng5
Bc8 16. f4 h6 17. Nf3 Rb8 18. Bc5 Na5 19. Qf2 Nec6 20. Bxf8 Qxf8 21. Nh4 Ne7 22.
Qg3 Qg7 23. Nf3 Nc4 24. Qf2 Nc6 25. O-O a5 26. a4 b4 27. cxb4 Nxb4 28. Bb1 c6
29. Nd2 Nd6 30. exd6 Qf6 31. Nf3 Qxd6 32. Ne5 Ba6 33. Re1 Rc8 34. Qg3 Kg7 35.
Bxf5 Rf8 36. Bxg6 Kf6 37. Qh4+ Kg7 38. Qg4 Bc8 39. Bf5+ Kf6 40. Qg6+ Ke7 41.
Nc4+ Qe6 42. Bxe6 Kd8 43. Bxc8 Kxc8 44. Re8+ Rxe8 45. Qxe8+ Kb7 46. Nxa5+ Ka6
47. Nxc6 h5 48. Nxb4+ Kb7 49. Qc6+ Kb8 50. Nxd5 h4 51. h3 Ka7 52. f5 Kb8 53. f6
Ka7 54. f7 Kb8 55. a5 Ka7 56. a6 Kb8 57. f8=Q+ Ka7 58. Qb7# {Black checkmated}
1-0  aics%

[Event "Team 45 45 League T30"]
[Site "Internet Chess Club"]
[Date "2006.04.10"]
[Round "3"]
[White "PaleMorningDun"]
[Black "gatoruss"]
[Result "0-1"]
[WhiteElo "1332"]
[BlackElo "1278"]
[TimeControl "2700+45"]

1. e4 c5 2. d4 cxd4 3. c3 dxc3 4. Nxc3 e5 5. Nf3 Nc6 6. Bc4 h6 7. O-O Nf6 8. Qb3
Qe7 9. Rd1 d6 10. Nd5 Nxd5 11. Bxd5 Be6 12. Be3 Bxd5 13. Rxd5 Qe6 14. Qxb7 Qc8
15. Qxc8+ Rxc8 16. Rc1 Be7 17. Rd3 Kd7 18. a3 Rc7 19. b4 Rhc8 20. Rdc3 Rb7 21.
Nd2 Bg5 22. Nb3 Bxe3 23. fxe3 a6 24. Kf2 Rbc7 25. Ke2 Nd4+ 26. Kd3 Nxb3 27.
Rxc7+ Rxc7 28. Rxc7+ Kxc7 29. Kc4 Nd2+ 30. Kd5 Nb1 31. a4 Nc3+ 32. Kc4 Nxa4 33.
Kb3 Nb6 34. h3 g5 35. g3 Kd7 36. h4 gxh4 37. gxh4 Ke6 38. b5 d5 39. bxa6 d4 40.
exd4 exd4 41. Kc2 Ke5 42. Kd3 h5 43. a7 f6 44. Kd2 Kxe4 45. Ke2 d3+ 46. Kd2 Kd4
47. Kd1 Ke3 48. Ke1 f5 49. Kd1 d2 50. Kc2 Ke2 {White resigns} 0-1  aics%

[Event "Team 45 45 League T30"]
[Site "Internet Chess Club"]
[Date "2006.04.08"]
[Round "3"]
[White "Urookfantastic"]
[Black "dcuprill"]
[Result "0-1"]
[WhiteElo "1321"]
[BlackElo "1164"]
[TimeControl "2700+45"]

1. e4 e5 2. Nf3 Nc6 3. Bc4 Nf6 4. Nc3 Nxe4 5. Nxe4 d5 6. Bd3 dxe4 7. Bxe4 f5 8.
Bxc6+ bxc6 9. Nxe5 Qf6 10. Qe2 Be7 11. O-O O-O 12. d4 c5 13. Qf3 Be6 14. c3 Bd6
15. Re1 cxd4 16. cxd4 Bb4 17. Re2 Rab8 18. Nc6 Rb6 19. Nxb4 Rxb4 20. d5 Bf7 21.
Rb1 Rb5 22. Rd2 Re8 23. Kf1 Qa6 24. Qa3 Ra5+ 25. Qd3 Qxd3+ 26. Rxd3 Bxd5 27. Bf4
Be4 28. Rd7 Bxb1 29. Bxc7 Rxa2 30. Rd1 Bd3+ 31. Kg1 Rxb2 32. h3 Rb1 33. Rxb1
Bxb1 {White resigns} 0-1  aics% 



NFork(345): Me too... :)
aics%

[Event "ICC 45 45"]
[Site "Internet Chess Club"]
[Date "2006.04.09"]
[Round "3"]
[White "SandiaCaveMan"]
[Black "WilmaP"]
[Result "1-0"]
[WhiteElo "1347"]
[BlackElo "1330"]
[TimeControl "2700+45"]

1. d4 d5 2. Nf3 c6 3. e3 Nf6 4. Nbd2 Bf5 5. c4 e6 6. c5 Nbd7 7. Nh4 Bg4 8. Ndf3
b6 9. b4 b5 10. Be2 Ne4 11. h3 Nc3 12. Qc2 Nxe2 13. hxg4 Nxc1 14. Qxc1 Nf6 15.
Ne5 Qc7 16. g5 Nh5 17. g4 f6 18. Nef3 fxg5 19. gxh5 gxh4 20. Rxh4 Be7 21. Rg4
Rf8 22. Ke2 a5 23. Rxg7 h6 24. Qc2 O-O-O 25. Qg6 Rf6 26. Qh7 Re8 27. Rag1 axb4
28. Rg8 Rff8 29. Rxf8 Rxf8 30. Rg8 Rxg8 31. Qxg8+ Bd8 32. Qxe6+ Kb7 33. Ne5 Qa5
34. Qxc6+ Ka7 35. Qd7+ Ka6 36. Qc8+ Ka7 37. Nc6# {Black checkmated} 1-0  aics%

[Event "Team 45 45 League T30"]
[Site "Internet Chess Club"]
[Date "2006.04.09"]
[Round "3"]
[White "Conjurer"]
[Black "Traho"]
[Result "0-1"]
[WhiteElo "1312"]
[BlackElo "1343"]
[TimeControl "2700+45"]

1. e4 c6 2. d4 d5 3. e5 Bf5 4. Bd3 Bxd3 5. Qxd3 e6 6. Nf3 Nd7 7. O-O c5 8. dxc5
Bxc5 9. Qb5 Qb6 10. Nc3 a6 11. Qxb6 Nxb6 12. a3 Nd7 13. b4 Ba7 14. Be3 Bxe3 15.
fxe3 Rc8 16. Na4 b5 17. Ng5 f6 18. Nf7 Kxf7 19. Nb2 Nxe5 20. Rac1 Nh6 21. h3 Nf5
22. Nd1 Nd3 23. Ra1 Rxc2 24. Nf2 Nxf2 25. Rxf2 Rxf2 26. Kxf2 Rc8 27. Re1 Rc2+
28. Kf3 Nh4+ {White resigns} 0-1  aics%

[Event "Team 45 45 League T30"]
[Site "Internet Chess Club"]
[Date "2006.04.08"]
[Round "3"]
[White "littleboo"]
[Black "Havoc"]
[Result "1-0"]
[WhiteElo "1261"]
[BlackElo "1292"]
[TimeControl "2700+45"]

1. e4 c5 2. Nf3 Nc6 3. Nc3 g6 4. Bc4 e6 5. d4 cxd4 6. Nxd4 Nf6 7. Nxc6 bxc6 8.
e5 Nd5 9. Qf3 Bg7 10. Bf4 O-O 11. Rd1 Qa5 12. Bxd5 cxd5 13. O-O Rb8 14. b3 Bb7
15. Na4 d4 16. Qg3 f6 17. exf6 Bxf6 18. Bxb8 e5 19. Bd6 Rc8 20. Rfe1 Rc6 21.
Bxe5 Re6 22. f4 d6 23. Bxf6 Rxf6 24. Re7 Qd5 25. c4 Qc6 26. Rxd4 Bc8 27. Qh4 Rf7
28. Rxf7 Kxf7 29. Qxh7+ Kf6 30. Nc3 Bf5 31. Nd5+ Ke6 32. Qe7# {Black checkmated}
1-0  aics%

[Event "Team 45 45 League T30"]
[Site "Internet Chess Club"]
[Date "2006.04.06"]
[Round "3"]
[White "guyd52"]
[Black "fabill"]
[Result "0-1"]
[WhiteElo "1346"]
[BlackElo "1209"]
[TimeControl "2700+45"]

1. g3 e6 2. Nf3 c5 3. d3 Nf6 4. Bg2 Nc6 5. O-O Be7 6. Nbd2 d5 7. c4 h6 8. b3 Nb4
9. Bb2 d4 10. Re1 O-O 11. a3 Nc6 12. e3 e5 13. exd4 exd4 14. Ne5 Rb8 15. Nxc6
bxc6 16. Bxc6 Bd6 17. Bg2 Bf5 18. Nf3 Bg4 19. Rb1 h5 20. Bc1 h4 21. Nxh4 Bxd1
22. Rxd1 Re8 23. Bc6 Re5 24. Nf3 Re7 25. Bd2 Qb6 26. Bb5 a6 27. Ba4 a5 28. Bg5
Qb7 29. Kg2 Bc7 30. Bxf6 gxf6 31. Bb5 f5 32. a4 f4 33. g4 Qc8 34. h3 f5 35. g5
Qf8 36. h4 Qg7 37. Kh3 Rb6 38. Kg2 Bd8 39. Kf1 Qg6 40. Kg2 Qh5 41. Rd2 Rbe6 42.
Rbb2 Qg4+ {White resigns} 0-1  aics%

[Event "Team 45 45 League T30"]
[Site "Internet Chess Club"]
[Date "2006.04.07"]
[Round "3"]
[White "DarrkKnight"]
[Black "Amauta"]
[Result "0-1"]
[WhiteElo "1856"]
[BlackElo "1938"]
[TimeControl "2700+45"]

1. e4 c5 2. Nc3 Nc6 3. f4 e6 4. Nf3 d5 5. Bb5 d4 6. Bxc6+ bxc6 7. Ne2 Ba6 8. d3
Nf6 9. b3 Qa5+ 10. Bd2 Qc7 11. O-O Be7 12. Qe1 O-O 13. h3 Rab8 14. g4 Nd7 15.
Kg2 Bd8 16. Ng3 Qd6 17. f5 Bc7 18. Ng5 h6 19. Nf3 Rfe8 20. Rh1 Qxg3+ 21. Qxg3
Bxg3 22. Kxg3 exf5 23. gxf5 Kf8 24. Bf4 Rb6 25. Rhg1 Kg8 26. Kh4 Kh7 27. Rg2 g5+
28. fxg6+ fxg6 29. Rag1 Re6 30. Kg3 g5 31. Bd2 Ne5 32. Nxe5 Rxe5 33. Rf2 Kg7 34.
c3 Bxd3 35. h4 Kg6 36. hxg5 hxg5 37. Rf8 Bxe4 38. cxd4 cxd4 39. Rd8 Bd5 40. Kf2
Ra6 41. a4 c5 42. Bxg5 Rf5+ 43. Ke1 Bxb3 44. Be7+ Kh7 45. Rh1+ Rh6 46. Bh4 Bxa4
47. Ra8 Rf7 48. Rh2 Bc6 49. Rd8 a5 50. Kd2 a4 51. Kc1 a3 52. Kb1 Rf4 53. Bg3
Rf1+ 54. Ka2 Rxh2+ 55. Bxh2 Rf2+ 56. Kxa3 Rxh2 57. Rc8 Rh6 58. Kb3 Bd5+ 59. Ka4
Rc6 60. Rd8 Bc4 61. Ka3 Kg6 62. Kb2 Kf5 63. Re8 Be6 64. Kc2 c4 65. Rd8 Ke4 66.
Rh8 c3 67. Rh4+ Ke5 {White resigns} 0-1  aics%

[Event "Team 45 45 League T30"]
[Site "Internet Chess Club"]
[Date "2006.04.09"]
[Round "3"]
[White "room-matt"]
[Black "Qualm"]
[Result "1/2-1/2"]
[WhiteElo "1825"]
[BlackElo "1850"]
[TimeControl "2700+45"]

1. e4 e5 2. Bc4 Nc6 3. Nc3 Nf6 4. d3 Be7 5. f4 d6 6. Nf3 O-O 7. O-O exf4 8. Bxf4
Na5 9. Bb3 Nxb3 10. axb3 Bg4 11. Qe1 Qd7 12. e5 dxe5 13. Nxe5 Qd4+ 14. Kh1 Be6
15. Ra4 Qd8 16. Qe3 a6 17. Qf3 c6 18. Re1 Nd5 19. Nxd5 Bxd5 20. Qg4 Be6 21. Qh5
Qc8 22. Bg3 f6 23. Nf3 Bf7 24. Qh4 Re8 25. Qf4 Bf8 26. Rxe8 Qxe8 27. Re4 Qd7 28.
Rd4 Qe6 29. Re4 Qd7 30. Rd4 Qe6 31. Re4 {Game drawn by mutual agreement} 1/2-1/2
 aics%  Chirri(71): yo no necesito a dios para nada eminencia aics%

[Event "Team 45 45 League T30"]
[Site "Internet Chess Club"]
[Date "2006.04.09"]
[Round "3"]
[White "buzzard"]
[Black "Simonside"]
[Result "0-1"]
[WhiteElo "1760"]
[BlackElo "1871"]
[TimeControl "2700+45"]

1. e4 e5 2. Nf3 d6 3. Bc4 Be7 4. d4 exd4 5. Nxd4 Nf6 6. Nc3 O-O 7. h3 Nxe4 8.
Nxe4 d5 9. Bd3 dxe4 10. Bxe4 Bf6 11. Be3 Qe7 12. Qd3 Na6 13. Nf5 Bxf5 14. Bxf5
g6 15. O-O gxf5 16. Qxf5 Qe6 17. Qf3 Qc6 18. Qf5 Kh8 19. c3 Rg8 20. g3 Rg6 21.
Rad1 Rag8 22. Kh2 b6 23. Rd7 Qe6 24. Qd3 Be5 25. Bd4 Nc5 26. Bxe5+ Qxe5 27. Qd4
Nxd7 {White resigns} 0-1  aics%

[Event "Team 45 45 League T30"]
[Site "Internet Chess Club"]
[Date "2006.04.09"]
[Round "3"]
[White "bondguy01"]
[Black "Migs-19"]
[Result "0-1"]
[WhiteElo "1655"]
[BlackElo "1615"]
[TimeControl "2700+45"]

1. d4 d5 2. c4 dxc4 3. Nf3 Nf6 4. e3 Bg4 5. Bxc4 e6 6. Nc3 Nbd7 7. O-O c5 8. d5
exd5 9. Nxd5 b6 10. Be2 Bd6 11. h3 Be6 12. Nxf6+ Nxf6 13. Bb5+ Bd7 14. Qa4 O-O
15. b3 Qe7 16. Bb2 Bf5 17. Be2 Rfd8 18. Rac1 Nd5 19. Kh1 Bd7 20. Qc4 Nb4 21. Ra1
Be6 22. Qc1 a5 23. Bc4 a4 24. Qc3 f6 25. Bxe6+ Qxe6 26. a3 Nd5 27. Qc4 axb3 28.
e4 Nf4 29. Qxe6+ Nxe6 30. Rfd1 c4 31. Nd4 Nxd4 32. Rxd4 Be5 33. Rxd8+ Rxd8 34.
Bxe5 fxe5 35. Rc1 b5 36. a4 bxa4 37. Rxc4 Rd1+ 38. Kh2 b2 39. Rxa4 b1=Q 40. Ra8+
Kf7 41. Ra7+ Kg6 42. Ra6+ Kg5 43. h4+ Kf4 44. g3+ Kxe4 45. Ra4+ Rd4 46. Ra3 Qf1
47. Re3+ Kd5 {White resigns} 0-1  aics%

[Event "Team 45 45 League T30"]
[Site "Internet Chess Club"]
[Date "2006.04.11"]
[Round "3"]
[White "alastorx"]
[Black "Rlopez"]
[Result "1-0"]
[WhiteElo "1810"]
[BlackElo "1836"]
[TimeControl "2700+45"]

1. d4 d5 2. Nf3 Nf6 3. e3 c5 4. c3 g6 5. Bd3 Bg7 6. Nbd2 Nc6 7. O-O O-O 8. dxc5
a5 9. Re1 Qc7 10. e4 dxe4 11. Nxe4 Nd5 12. Qb3 Nf4 13. Bxf4 Qxf4 14. Rad1 Rb8
15. Neg5 h6 16. Ne4 Bg4 17. Ned2 Ne5 18. Re4 Nxf3+ 19. Nxf3 Qf5 20. Nd4 Bxd1 21.
Nxf5 Bxb3 22. Nxe7+ Kh7 23. axb3 Bf6 24. Nd5 Bg7 25. Kf1 Rbd8 26. c4 Bxb2 27.
Re7 Rb8 28. Nb6 Rbd8 29. Nd5 Rc8 30. Rxb7 Rxc5 31. Ke2 Re8+ 32. Kd2 Kg7 33. Nc3
Bxc3+ 34. Kxc3 Rg5 35. g3 Rh5 36. h4 g5 37. Rb5 Kf6 38. Rxa5 Kg7 39. b4 f6 40.
Ra7+ Kf8 41. Bg6 {Black resigns} 1-0  aics%

[Event "Team 45 45 League T30"]
[Site "Internet Chess Club"]
[Date "2006.04.11"]
[Round "3"]
[White "hondocando"]
[Black "Egmont"]
[Result "0-1"]
[WhiteElo "1617"]
[BlackElo "1736"]
[TimeControl "2700+45"]

1. e4 c5 2. Bd3 g6 3. c3 Bg7 4. Bc2 Nc6 5. Nf3 Nf6 6. O-O O-O 7. d4 cxd4 8. cxd4
d5 9. e5 Ne4 10. Nbd2 Nxd2 11. Bxd2 f6 12. Bf4 Bg4 13. Re1 fxe5 14. dxe5 Rxf4
15. h3 Bxf3 16. gxf3 Nxe5 17. Qe2 {White resigns} 0-1  aics%

[Event "Team 45 45 League T30"]
[Site "Internet Chess Club"]
[Date "2006.04.10"]
[Round "3"]
[White "NFK"]
[Black "David-Carioca"]
[Result "0-1"]
[WhiteElo "1582"]
[BlackElo "1690"]
[TimeControl "2700+45"]

1. e4 e6 2. d4 d5 3. Nc3 dxe4 4. Nxe4 Nd7 5. Nf3 Ngf6 6. Nxf6+ Nxf6 7. Bd3 c5 8.
dxc5 Bxc5 9. Bg5 Be7 10. Qe2 Qb6 11. Bxf6 Bxf6 12. Bb5+ Bd7 13. Bxd7+ Kxd7 14.
Rd1+ Ke7 15. c3 Rhd8 16. O-O Rxd1 17. Rxd1 Rd8 18. Rc1 Qa5 19. Qc4 Bg5 20. Rb1
Bf6 21. h3 Rd7 22. Ne1 Rc7 23. Qb3 Qf5 24. Qc2 Qa5 25. a4 h6 26. Nd3 Qf5 27. Nb4
Qc5 28. Qb3 Bh4 29. Qc2 a5 30. Nd3 Qf5 31. b3 Rd7 32. Ne1 Qxc2 33. Nxc2 Rd2 34.
Nd4 Bxf2+ 35. Kf1 Bxd4 {White resigns} 0-1  aics%  ATHENNA22(71): cotesita una
pregunta ? aics%

[Event "Team 45 45 League T30"]
[Site "Internet Chess Club"]
[Date "2006.04.08"]
[Round "3"]
[White "Justme"]
[Black "Tomate"]
[Result "1-0"]
[WhiteElo "1404"]
[BlackElo "1449"]
[TimeControl "2700+45"]

1. e4 d6 2. d4 Nf6 3. Nc3 g6 4. h3 Bg7 5. Nf3 O-O 6. g4 Re8 7. Be3 e5 8. d5 c6
9. Bc4 b5 10. Bb3 Qa5 11. Bd2 c5 12. Qe2 c4 13. O-O cxb3 14. axb3 Qd8 15. b4 Bd7
16. Ra5 Qc7 17. Nxb5 Bxb5 18. Rxb5 a6 19. Ra5 Qxc2 20. b5 Qxe4 21. Qxe4 Nxe4 22.
Be3 Nd7 23. Rfa1 Nec5 24. Nd2 Nb6 25. bxa6 Nc4 26. Nxc4 Nb3 27. Nxd6 Red8 28.
Nb7 Rdb8 29. d6 Nxa5 30. Rxa5 Bf6 31. Bb6 Kf8 32. Bc7 Rc8 33. a7 Kg7 34. b4 e4
35. b5 Re8 36. b6 e3 37. fxe3 Rxe3 38. d7 Rb3 39. Rd5 Rb1+ 40. Kf2 Ra1 41. d8=Q
Bxd8 42. Be5+ Bf6 43. Bxa1 Bxa1 44. Rd8 {Black resigns} 1-0  aics%

[Event "Team 45 45 League T30"]
[Site "Internet Chess Club"]
[Date "2006.04.09"]
[Round "3"]
[White "Visin"]
[Black "Gomer"]
[Result "1/2-1/2"]
[WhiteElo "1281"]
[BlackElo "1262"]
[TimeControl "2700+45"]

1. c4 e5 2. e4 Nc6 3. Nf3 Nf6 4. d3 Bc5 5. h3 O-O 6. a3 a6 7. Nc3 d6 8. Be2 Be6
9. Ng5 Qd7 10. Nxe6 Qxe6 11. O-O Nd4 12. b4 Ba7 13. Kh1 b6 14. f4 b5 15. fxe5
Qxe5 16. Bf4 Qe8 17. Bg5 Qe5 18. Bxf6 gxf6 19. Nd5 Nxe2 20. Qxe2 bxc4 21. Nxf6+
Kh8 22. Nd7 Qg3 23. Nxf8 Rxf8 24. dxc4 Bd4 25. Rad1 Be5 26. Kg1 Qh2+ 27. Kf2
Qg3+ {Game drawn by mutual agreement} 1/2-1/2  aics%

[Event "Team 45 45 League T30"]
[Site "Internet Chess Club"]
[Date "2006.04.09"]
[Round "3"]
[White "Prop"]
[Black "Dalcon"]
[Result "0-1"]
[WhiteElo "1202"]
[BlackElo "1303"]
[TimeControl "2700+45"]

1. e4 e5 2. Nf3 Nc6 3. Bc4 Nf6 4. Nc3 Nxe4 5. Nxe4 d5 6. Bd3 dxe4 7. Bxe4 Nb4 8.
O-O f5 9. Bxf5 Bxf5 10. d3 Bg4 11. a3 Nc6 12. Qe2 Qd6 13. Qe4 h5 14. Ng5 Be7 15.
h3 Bd7 16. c3 Bxg5 17. Bxg5 Rf8 18. d4 Bf5 19. Qe3 e4 20. f3 Qd5 21. Rae1 Kd7
22. fxe4 Bxe4 23. Qxe4 Qxe4 24. Rxe4 Rxf1+ 25. Kxf1 Rf8+ 26. Kg1 Rf5 27. h4 g6
28. b4 a5 29. g4 hxg4 30. Rxg4 Rf3 31. Bd2 Ne7 32. bxa5 Rd3 33. Rg2 Nf5 34. Kh2
Nxh4 35. Re2 Nf3+ 36. Kg2 Nxd2 37. Kf2 Nc4 38. a6 bxa6 39. a4 Rxc3 40. d5 Ra3
41. Re6 Rxa4 42. Rxg6 Ra2+ 43. Kf3 Ne5+ 44. Ke4 Nxg6 {White resigns} 0-1  aics%

[Event "Team 45 45 League T30"]
[Site "Internet Chess Club"]
[Date "2006.04.06"]
[Round "3"]
[White "GLuft"]
[Black "BosqueVerde"]
[Result "0-1"]
[WhiteElo "1234"]
[BlackElo "1207"]
[TimeControl "2700+45"]

1. e4 e6 2. d4 d5 3. e5 c5 4. Nf3 cxd4 5. Nxd4 Nc6 6. Bb5 Bd7 7. Qd2 Bc5 8. c3
Nxe5 9. Qg5 Qxg5 10. Bxg5 Rc8 11. Nd2 Bxb5 12. Nxb5 Nd3+ 13. Ke2 Nxb2 14. Rab1
Nc4 15. Nxc4 dxc4 16. Be3 a6 17. Nd4 b5 18. Nc2 Nf6 19. f3 O-O 20. Rhd1 Nd5 21.
Bxc5 Rxc5 22. Kd2 Rd8 23. Kc1 Rb8 24. a3 Nxc3 25. Rd7 Nxb1 26. Kxb1 g6 27. Nb4
Rb6 28. Kc2 a5 29. Na2 Rd5 30. Rc7 Rd3 31. Nc3 Rbd6 32. Ne4 R6d4 33. Rc8+ Kg7
34. Nc5 Rxa3 35. Ne4 Ra2+ 36. Kc3 e5 37. Rc5 b4# {White checkmated} 0-1  aics%

[Event "Team 45 45 League T30"]
[Site "Internet Chess Club"]
[Date "2006.04.09"]
[Round "3"]
[White "chesskix"]
[Black "BooRadley"]
[Result "0-1"]
[WhiteElo "1503"]
[BlackElo "1309"]
[TimeControl "2700+45"]

1. Nf3 Nf6 2. c4 g6 3. Nc3 Bg7 4. g3 O-O 5. Bg2 d6 6. O-O c6 7. d3 Nbd7 8. h3 a6
9. Rb1 Rb8 10. Re1 d5 11. cxd5 Nxd5 12. Nxd5 cxd5 13. Bd2 e5 14. Qc1 f5 15. Bh6
Qe7 16. Bxg7 Qxg7 17. Ng5 Nf6 18. Qc5 Rd8 19. e4 b6 20. Qa3 h6 21. Nf3 Bb7 22.
Nxe5 dxe4 23. dxe4 Nxe4 24. Bxe4 fxe4 25. Nc4 Rd3 26. b3 Qd4 27. Ne3 Rd2 28. Qe7
Bc8 29. Qc7 Ra8 30. h4 Bf5 31. Rbd1 Rf8 32. Rxd2 Qxd2 33. Qc4+ Kg7 34. Rd1 Qb2
35. Nxf5+ gxf5 36. Rd7+ Kg6 37. Rd6+ Rf6 38. Qg8+ Kh5 39. Qe8+ Kg4 40. Qg8+ Kh3
41. Rd1 Qe2 42. Rf1 Qf3 {White resigns} 0-1  aics%

[Event "Team 45 45 League T30"]
[Site "Internet Chess Club"]
[Date "2006.04.08"]
[Round "3"]
[White "JimGaming"]
[Black "curtintime"]
[Result "0-1"]
[WhiteElo "1234"]
[BlackElo "1354"]
[TimeControl "2700+45"]

1. e4 e5 2. Nf3 Nc6 3. Bb5 a6 4. Ba4 b5 5. Bb3 Nf6 6. O-O Bb7 7. Re1 Bc5 8. c3
Na5 9. Bc2 Bb6 10. Nxe5 Qe7 11. d4 d6 12. b4 Nc4 13. Nxc4 bxc4 14. d5 h5 15. Bg5
Qe5 16. Bxf6 Qxf6 17. Qf3 Qxf3 18. gxf3 O-O-O 19. Ba4 Kb8 20. Nd2 Bc8 21. Kg2 a5
22. Nxc4 axb4 23. Nxb6 cxb6 24. cxb4 g5 25. b5 g4 26. f4 h4 27. Re3 f5 28. Bc2
fxe4 29. Bxe4 Rdf8 30. f5 Bxf5 31. Bxf5 Rxf5 32. Rd1 Rc8 33. Rdd3 Rc2 34. Re8+
Kc7 35. Re7+ Kd8 36. Re1 Rfxf2+ 37. Kg1 Rg2+ 38. Kh1 Rxh2+ 39. Kg1 h3 40. Rde3
Rcg2+ 41. Kf1 Rh1# {White checkmated} 0-1  aics%

[Event "Team 45 45 League T30"]
[Site "Internet Chess Club"]
[Date "2006.04.08"]
[Round "3"]
[White "Cataclysm"]
[Black "smcintyr11"]
[Result "1-0"]
[WhiteElo "1136"]
[BlackElo "1129"]
[TimeControl "2700+45"]

1. e4 e5 2. f4 exf4 3. Nf3 Bc5 4. c3 d6 5. d4 Bb6 6. Bc4 Nf6 7. Qe2 O-O 8. O-O
d5 9. exd5 Nxd5 10. Ne5 c5 11. Bxf4 cxd4 12. Qh5 dxc3+ 13. Kh1 cxb2 14. Bg5 Qxg5
15. Qxg5 f6 16. Bxd5+ Kh8 17. Ng6+ hxg6 18. Qh4# {Black checkmated} 1-0  aics%

[Event "Team 45 45 League T30"]
[Site "Internet Chess Club"]
[Date "2006.04.07"]
[Round "3"]
[White "BrerRabbit"]
[Black "sdcohle"]
[Result "0-1"]
[WhiteElo "1401"]
[BlackElo "1374"]
[TimeControl "2700+45"]

1. d4 Nf6 2. c4 g6 3. Nc3 Bg7 4. e4 d6 5. Nf3 O-O 6. Be2 c6 7. O-O Nbd7 8. Be3
b6 9. Rc1 Bb7 10. Qd2 Ng4 11. Bg5 h6 12. Bh4 Ngf6 13. h3 Re8 14. Rfd1 Qc7 15.
Bg3 e5 16. dxe5 dxe5 17. Nh2 Nc5 18. Qc2 Ne6 19. Ng4 Nxg4 20. Bxg4 Nd4 21. Qd2
c5 22. Nd5 Qd6 23. Qe3 Kh7 24. b4 Bxd5 25. cxd5 h5 26. bxc5 bxc5 27. Be2 Bh6 28.
f4 exf4 29. Bh2 fxe3 30. Bxd6 Nxe2+ 31. Kf1 Nxc1 32. Rxc1 Rxe4 33. Ke2 Rd8 34.
Bxc5 Rxd5 35. Rc2 Rd2+ 36. Rxd2 exd2+ 37. Kf3 d1=Q+ 38. Kxe4 Qc2+ 39. Kd5 Qxg2+
40. Kc4 Qxa2+ 41. Kb5 a5 42. h4 a4 43. Ba3 Qxa3 44. Kc4 Qb3+ 45. Kc5 a3 46. Kd6
a2 47. Ke7 a1=Q 48. Ke8 Qb7 49. Kd8 Qaa8# {White checkmated} 0-1  aics% 
joganov(71): me la mandas de otro correo no del tuyo aics%